 Dungeon Crawl Stone Soup version 0.18-a0-1343-g48c8f86 (webtiles) character file.

308 Kidiri the Covered (level 6, -1/58 HPs)
             Began as a Gargoyle Fighter on Feb 16, 2016.
             Was an Initiate of Okawaru.
             Slain by a hound (3 damage)
             ... on level 4 of the Dungeon.
             The game lasted 00:14:49 (4361 turns).

Kidiri the Covered (Gargoyle Fighter)               Turns: 4361, Time: 00:14:49

Health: -1/58      AC: 23    Str: 25    XL:     6   Next: 40%
Magic:  6/6        EV:  2    Int:  9    God:    Okawaru [......]
Gold:   121        SH: 10    Dex: 15    Spells: 0 memorised, 5 levels left

rFire  . . .     SeeInvis .     n - -3 mace (curse)
rCold  . . .     Gourm    .     (armour currently unavailable)
rNeg   + + +     Faith    .     c - +0 shield
rPois  ∞         Spirit   .     (helmet currently unavailable)
rElec  .         Dismiss  .     (cloak currently unavailable)
rCorr  .         Reflect  .     (gloves currently unavailable)
SustAt .         Harm     .     (boots currently unavailable)
MR     .....     NoTele   +     (no amulet)
Stlth  +++.......               (no ring)
                                (no ring)

@: mighty, agile, tree-form, not resistant to hostile enchantments, fairly
stealthy
A: negative energy resistance 1, (electricity resistance), (unbreathing),
petrification resistance, rot immunity, AC +4
a: Renounce Religion


You were on level 4 of the Dungeon.
You worshipped Okawaru.
Okawaru was noncommittal.
You were hungry.
You were a tree.
You visited 1 branch of the dungeon, and saw 4 of its levels.

You collected 121 gold pieces.

Inventory:

Hand Weapons
 a - a +2 flail
 n - a cursed -3 mace (weapon)
Missiles
 e - 121 stones (quivered)
Armour
 b - a +0 scale mail
 c - a +0 shield (worn)
 k - a +0 cloak (melded)
 t - a +1 ring mail of cold resistance (melded)
Jewellery
 h - an uncursed ring of teleportation
Wands
 l - a wand of disintegration (14/24)
Scrolls
 p - 2 scrolls of identify
 u - a scroll of enchant armour {unknown}
Potions
 j - a potion of resistance
 m - a potion of magic
Comestibles
 f - 5 chunks of flesh
 g - 2 slices of pizza
 o - 2 meat rations
 q - 2 fruits
 s - 4 bread rations


   Skills:
 * Level 4.4 Fighting
 * Level 3.5 Maces & Flails
 * Level 4.5 Armour
 + Level 1.1 Dodging
 + Level 1.3 Stealth
 * Level 4.3 Shields
 + Level 0.4 Invocations
 + Level 0.6 Evocations


You had 5 spell levels left.
You didn't know any spells.

Dungeon Overview and Level Annotations

Branches:
Dungeon (4/15)
 Temple: D:4-7

Altars:
Fedhas
Gozag
Kikubaaqudgha
Makhleb
Okawaru
Ru
Xom
Zin
The Shining One

Shops:
D:4 *


Innate Abilities, Weirdness & Mutations

You are resistant to torment.
((Your stone body is resilient (AC +4).))
You are immune to poison.
You resist negative energy.
((You are resistant to electric shocks.))
((You can survive without breathing.))
You are immune to petrification.
You are immune to rotting.


Message History

The orc wizard is healed somewhat.
You hit the orc priest.
You kill the orc priest!
Okawaru accepts your kill. The hound bites you but does no damage.
You block something's attack.
The orc wizard hits you but does no damage.
Unknown command.
Your shield prevents you from hitting the orc wizard.
The orc wizard is moderately wounded.
You block the hound's attack. Something hits you but does no damage.
The orc wizard hits you but does no damage.
The hound bites you.
* * * LOW HITPOINT WARNING * * *
You hear some strange, mumbled words.
Something tries to affect you, but you resist.
You block the orc wizard's attack.
You barely miss the orc wizard.
The orc wizard is moderately wounded.
The hound bites you but does no damage. The hound bites you.
You die...

#.# #....$..>.# ####.##.......
#{# #h........# #....##.......
##.# #.........# #.#.).........
...# #.........# #.#.####+##+#'
...# #(....########...# #. ...#
.....h####......##########. ...'
(..?.ooor.'o.....+...(..÷...
...#....########{h....###########
#### #♣o....# #..... #......#
#..... ######## #..... ######


You could see a hound, an orc wizard and an orc.

Vanquished Creatures
  A hound (D:4)
  An orc priest (D:4)
  2 worker ants (D:4)
  3 gnolls (D:3)
  4 adders
  2 oozes (D:2)
  4 worms
  4 giant geckos
  2 orcs
  A ball python (D:4)
  8 bats
  4 giant cockroaches
  11 goblins
  8 hobgoblins
  16 jackals
  10 kobolds
  5 quokkas
  A giant gecko skeleton (D:4)
  5 giant newts
  A jackal skeleton (D:4)
  13 rats
106 creatures vanquished.

Notes
Turn   | Place    | Note
--------------------------------------------------------------
     0 | D:1      | Kidiri the Gargoyle Fighter began the quest for the Orb.
     0 | D:1      | Reached XP level 1. HP: 14/14 MP: 1/1
   203 | D:1      | Reached XP level 2. HP: 19/19 MP: 2/2
  1011 | D:1      | Reached XP level 3. HP: 23/23 MP: 3/3
  1362 | D:2      | Found a glowing golden altar of the Shining One.
  1443 | D:2      | Found a glowing silver altar of Zin.
  1443 | D:2      | Found a burning altar of Makhleb.
  1445 | D:2      | Noticed a balrug
  1445 | D:2      | Noticed an angel
  1582 | D:2      | Reached XP level 4. HP: 29/29 MP: 4/4
  1727 | D:2      | Reached skill level 4 in Fighting
  1802 | D:2      | Found an iron altar of Okawaru.
  1812 | D:2      | Became a worshipper of Warmaster Okawaru
  2568 | D:3      | Reached skill level 1 in Stealth
  2632 | D:3      | Reached XP level 5. HP: 33/33 MP: 5/5
  2676 | D:3      | Found a sacrificial altar of Ru.
  2846 | D:3      | Found an ancient bone altar of Kikubaaqudgha.
  2846 | D:3      | Found a blossoming altar of Fedhas.
  3005 | D:3      | Found a shimmering altar of Xom.
  3887 | D:4      | Found an opulent altar of Gozag.
  3889 | D:4      | Found Gozag's Platinum Reserve.
  4083 | D:4      | Reached skill level 1 in Dodging
  4083 | D:4      | Reached XP level 6. HP: 30/39 MP: 6/6
  4360 | D:4      | HP: 1/58 [hound (2)]
  4361 | D:4      | Slain by a hound

Vault maps used:
D:1:      tarquinn_simple_flora_water_e
D:2:      grunt_temple_overflow_order_and_chaos_2,
          nicolae_tso_swordbearing_angel, lemuel_coloured_pillars_altar
D:3:      grunt_temple_overflow_growth_and_decay, hangedman_ru_absence,
          xom_teletrap_fun
D:4:      nicolae_gozag_zags_fifth_avenue, first_bread

Action                   |  1- 3 |  4- 6 || total
-------------------------+-------+-------++-------
Melee: Flail             |   150 |     2 ||   152
       Mace              |       |   448 ||   448
Throw: Stone             |    61 |    26 ||    87
  Use: Scroll            |     7 |     3 ||    10
       Potion            |       |     7 ||     7
  Eat: Bread ration      |     1 |       ||     1
       Chunk             |       |     6 ||     6
       Fruit             |       |     2 ||     2
